 Dungeon Crawl Stone Soup version 0.23.2-40-g277498a001 (webtiles) character file.

Game seed: 6022011013421311430

655 MalarOregon the Conjurer (level 7, 0/58 HPs)
             Began as a Red Draconian Conjurer on Sept 7, 2019.
             Slain by an iguana (10 damage)
             ... on level 4 of the Dungeon.
             The game lasted 00:08:44 (4071 turns).

MalarOregon the Conjurer (Red Draconian Conjurer)   Turns: 4071, Time: 00:08:45

Health: 0/58       AC:  6    Str: 10    XL:     7   Next: 29%
Magic:  6/12       EV: 13    Int: 17    God:
Gold:   226        SH:  4    Dex: 12    Spells: 12/13 levels left

rFire    + . .     SeeInvis .   p - +0 long sword
rCold    . . .     Gourm    .   q - +0 buckler
rNeg     . . .     Faith    .   (armour unavailable)
rPois    .         Spirit   .   (helmet restricted)
rElec    .         Reflect  .   (no cloak)
rCorr    .         Harm     .   (no gloves)
MR       .....                  (no boots)
Stlth    ++........             (no amulet)
HPRegen  0.19/turn              (no ring)
MPRegen  0.13/turn              (no ring)

@: lethally poisoned (0 -> -1), short of breath
A: breathe fire, unfitting armour, fire resistance 1, cold-blooded, AC +6
a: Breathe Fire


You were on level 4 of the Dungeon.
You were not hungry.

You visited 1 branch of the dungeon, and saw 5 of its levels.

You collected 226 gold pieces.

Inventory:

Hand Weapons
 p - a +0 long sword (weapon)
   (You took it off a hobgoblin on level 2 of the Dungeon)
Armour
 o - a scarf of repulsion
   (You found it on level 2 of the Dungeon)
 q - a +0 buckler (worn)
   (You found it on level 2 of the Dungeon)
Jewellery
 u - an uncursed ring of protection from magic {unknown}
   (You found it on level 3 of the Dungeon)
Wands
 w - a wand of polymorph (6)
   (You took it off Jessica on level 3 of the Dungeon)
Scrolls
 a - 11 scrolls of identify {unknown}
 b - 5 scrolls of remove curse {unknown}
 f - 7 scrolls of teleportation {unknown}
 h - a scroll of blinking {unknown}
 i - a scroll of enchant armour {unknown}
 k - 2 scrolls of immolation {unknown}
 l - a scroll of fog {unknown}
 n - 2 scrolls of enchant weapon {unknown}
 r - 2 scrolls of noise {unknown}
 s - a scroll of random uselessness {unknown}
 y - a scroll of amnesia {unknown}
Potions
 c - 2 potions of brilliance {unknown}
 d - a potion of heal wounds {unknown}
 g - 2 potions of curing {unknown}
 j - a potion of degeneration {unknown}
 m - 3 potions of mutation {unknown}
 t - a potion of magic {unknown}
 v - a potion of agility {unknown}
 x - a potion of might
 z - a potion of resistance {unknown}
 A - a potion of ambrosia {unknown}
 C - a potion of flight {unknown}
Comestibles
 e - 7 rations {!d}


   Skills:
 + Level 3.7 Fighting
 + Level 3.7 Dodging
 - Level 1.7 Stealth
 + Level 2.7 Shields
 + Level 3.8 Spellcasting
 + Level 5.4 Conjurations


You had 12 spell levels left.
You knew the following spells:

 Your Spells              Type           Power        Failure   Level  Hunger
a - Magic Dart            Conj           ###.         1%          1    None

Your spell library contained the following spells:

 Spells                   Type           Power        Failure   Level  Hunger
 Searing Ray              Conj           ###...       3%          2    ##.....
 Dazzling Spray           Conj/Hex       ##....       19%         3    ###....
 Iskenderun's Mystic Bla  Conj           ###.....     21%         4    ####...
 Force Lance              Conj/Tloc      ##......     52%         4    ####...
 Fulminant Prism          Conj/Hex       ##........   52%         4    ####...


Dungeon Overview and Level Annotations

Branches:
Dungeon (5/15)
 Temple: D:4-7

Altars:
Qazlal
Uskayaw
Vehumet
Wu Jian
Zin
The Shining One

Annotations:
D:3 3 runed translucent doors, bildradio's ghost, weakling SpEn; harcile's ghost, amateur HOMo; raetorn's ghost, amateur DrTm


Innate Abilities, Weirdness & Mutations

You can breathe blasts of fire.
Your fiery red scales are hard. (AC +6)
You cannot fit into any form of body armour.
Your flesh is heat resistant. (rF+)
You are cold-blooded and may be slowed by cold attacks.


Message History

Aim: an orc, wielding a +0 whip and wearing a +0 scale mail The magic dart hits the orc.
The orc hits you but does no damage. The adder bites you.
You are poisoned.
The adder poisons you! The iguana closely misses you.
The orc priest barely misses you.
Aim: an orc priest, wielding a +0 short sword (lightly wounded)
Okay, then.
Aim: an orc, wielding a +0 whip and wearing a +0 scale mail (lightly wounded)
The magic dart hits the orc.
You feel sick. The adder closely misses you.
The orc hits you but does no damage. The iguana bites you!
* * * LOW HITPOINT WARNING * * *
The orc priest hits you with a +0 short sword.
* * * LOW HITPOINT WARNING * * *
The adder closely misses you.
You riposte.
You barely miss the adder.
Wield which item (- for none, * to show all)? (? for menu, Esc to quit)
Okay, then.
You feel sick. You block the orc's attack. The iguana bites you.
* * * LOW HITPOINT WARNING * * *
The iguana barely misses you.
You riposte.
You hit the iguana but do no damage. The adder misses you.
The orc priest looks satisfied for a moment.
There is an open door here.
Aim: an orc priest, wielding a +0 short sword (lightly wounded)
You breathe a blast of fire.
The fiery breath hits the orc!
You kill the orc!
The fiery breath hits the orc priest!
You feel somewhat more hungry.
You feel sick. The iguana bites you!
* * * LOW HITPOINT WARNING * * *
The adder misses you.
You riposte.
You hit the adder.
Your tail-slap misses the adder.
The orc priest is engulfed in blazing flames.
You kill the orc priest!
The adder misses you.
Aim: an adder (moderately wounded)
The magic dart hits the adder.
You feel sick. The adder closely misses you.
You riposte.
You barely miss the adder.
Aim: an adder (moderately wounded)
The magic dart hits the adder.
The adder misses you.
You riposte.
You barely miss the adder.
Aim: an adder (severely wounded)
The magic dart hits the adder.
You kill the adder!
Aim: an iguana The magic dart hits the iguana but does no damage.
You block the iguana's attack.
Aim: an iguana The magic dart hits the iguana but does no damage.
You feel sick. The iguana bites you!
You die...

######'###.......######..##......
.................##..##..##......
..................+...#..##....##
..................#...#..##....##
...##...##..####+##...'.......<..
...##...##..##...##...#..........
...##...##...#...##..##+###......
...##...##...#...##..##..##....##
...##......>##..@##..#...##....##
...##...##..####l##..#....#....#.
........##..##..)....#.<..#....#.
.....................#....#....#.
...##..........>°##..##...#....#.
...##.......##.).##..##..##....##
....#...##..#######......########
....+...###+##...............>.#.
....#............##..##........##


You could see an iguana.

Vanquished Creatures
  Grinder (D:3)
  A scorpion (D:4)
  An orc priest (D:4)
  Terence (D:3)
  Jessica (D:3)
  Natasha (thrice) (D:3)
  3 worker ants (D:4)
  Robin (D:2)
  9 adders
  3 oozes
  An adder skeleton (D:4)
  A worm (D:4)
  4 leopard geckos
  7 orcs
  3 giant cockroaches
  8 goblins
  10 hobgoblins
  5 jackals
  2 kobolds
  6 bats
  7 frilled lizards
  5 rats
83 creatures vanquished.

Vanquished Creatures (others)
  A withered plant (D:3)
1 creature vanquished.

Grand Total: 84 creatures vanquished

Notes
Turn   | Place    | Note
-------+----------+-------------------------------------------
     0 | D:1      | MalarOregon the Draconian Conjurer began the quest for the
                  | Orb.
     0 | D:1      | Reached XP level 1. HP: 14/14 MP: 3/3
   222 | D:1      | Reached XP level 2. HP: 12/22 MP: 0/5
   845 | D:2      | Reached skill level 1 in Fighting
  1110 | D:2      | Reached XP level 3. HP: 26/28 MP: 0/6
  1473 | D:2      | Reached XP level 4. HP: 29/36 MP: 0/7
  1609 | D:2      | Noticed Robin
  1997 | D:2      | Killed Robin
  2289 | D:3      | Noticed Natasha
  2297 | D:3      | Killed Natasha
  2297 | D:3      | Reached XP level 5. HP: 29/41 MP: 1/9
  2423 | D:3      | Noticed Natasha
  2437 | D:3      | Killed Natasha
  2437 | D:3      | Reached skill level 1 in Shields
  2610 | D:3      | Noticed Natasha
  2617 | D:3      | Killed Natasha
  2627 | D:3      | Noticed Jessica
  2648 | D:3      | Killed Jessica
  2697 | D:3      | Noticed Terence
  2710 | D:3      | Killed Terence
  2715 | D:3      | Found an ornate altar of the Wu Jian Council.
  2719 | D:3      | Found a glowing silver altar of Zin.
  2723 | D:3      | Found a radiant altar of Vehumet.
  2723 | D:3      | Found a hide-covered altar of Uskayaw.
  2807 | D:3      | Reached XP level 6. HP: 50/50 MP: 6/10
  2869 | D:3      | Found a runed translucent gate.
  2869 | D:3      | Found a runed translucent gate.
  2869 | D:3      | Found a runed translucent gate.
  2869 | D:3      | Noticed harcile's ghost (amateur HOMo)
  2870 | D:3      | Noticed raetorn's ghost (amateur DrTm)
  2870 | D:3      | Noticed bildradio's ghost (weakling SpEn)
  2904 | D:3      | Noticed Grinder
  2909 | D:3      | Paralysed by Grinder for 2 turns
  2929 | D:3      | Killed Grinder
  2929 | D:3      | Reached skill level 5 in Conjurations
  3536 | D:4      | Your scales start taking on a fiery red colour.
  3536 | D:4      | Reached XP level 7. HP: 57/57 MP: 7/12
  3536 | D:4      | Gained mutation: Your flesh is heat resistant. (rF+) [Red
                  | Draconian growth]
  3976 | D:4      | Found a stormy altar of Qazlal.
  3976 | D:4      | Found a glowing golden altar of the Shining One.
  4004 | D:5      | Entered Level 5 of the Dungeon
  4071 | D:4      | Slain by an iguana

Skill      XL: |  1  2  3  4  5  6 |
---------------+-------------------+-----
Dodging        | 2 3 |  3.7
Fighting       | 1 2 3 |  3.7
Shields        | 1 2 |  2.7
Spellcasting   | 3 |  3.8
Conjurations   | 5 |  5.4
Stealth        | |  1.7

Action                   |  1- 3 |  4- 6 |  7- 9 || total
-------------------------+-------+-------+-------++-------
Melee: Unarmed           |    21 |       |       ||    21
       Tailslap          |     9 |     9 |     1 ||    19
       Dagger            |    36 |    11 |       ||    47
       Long sword        |       |    59 |    12 ||    71
 Cast: Magic Dart        |    61 |    96 |    36 ||   193
 Abil: Breathe Fire      |       |       |     1 ||     1
  Eat: Chunk             |     3 |     6 |     2 ||    11
Armor: Skin              |    21 |    29 |     4 ||    54
Dodge: Dodged            |    67 |    83 |    24 ||   174
Block: Buckler           |       |    21 |     9 ||    30
       Rpst.: Long sword |       |    23 |     8 ||    31
